Map: Ulrena

Players

llllllllllll - Winner!

  • Race: Protoss Protoss
  • League: Master

Miszu

  • Race: Terran Terran
  • League: Grandmaster

VOD

Have the link to the VOD?

Description

Time

  • Played on: May 11, 2016, 5:30 p.m.
  • Length: 9:51
Show
View Real Time Build Order
Export as new Build Order

llllllllllll Protoss - Winner!

Build Orders: 1 Gate Expand 

Get SALT Encoding   

  12  0:01  Probe (Chrono Boost)  
  13  0:11  Probe (Chrono Boost)  
  14  0:18  Pylon  
  14  0:22  Probe (Chrono Boost)  
  15  0:36  Probe (Chrono Boost)  
  15  0:37  Gateway  
  16  0:43  Assimilator  
  16  0:47  Probe (Chrono Boost)  
  17  0:57  Probe (Chrono Boost)  
  18  1:08  Probe (Chrono Boost)  
  19  1:19  Nexus  
  19  1:22  Probe (Chrono Boost)  
  20  1:32  Cybernetics Core  
  20  1:35  Probe (Chrono Boost)  
  21  1:40  Assimilator  
  21  1:46  Probe (Chrono Boost)  
  22  1:51  Pylon  
  22  1:57  Probe (Chrono Boost)  
  23  2:09  Adept  
  23  2:10  Mothership Core (Chrono Boost)  
  27  2:17  Warp Gate (Chrono Boost)  
  27  2:28  Probe (Chrono Boost)  
  28  2:31  Probe (Chrono Boost)  
  29  2:39  Probe (Chrono Boost)  
  29  2:40  Robotics Facility  
  29  2:42  Probe (Chrono Boost)  
  31  2:47  Stalker  
  31  2:49  Probe (Chrono Boost)  
  34  2:52  Probe (Chrono Boost)  
  35  3:00  Probe (Chrono Boost)  
  35  3:03  Probe (Chrono Boost)  
  37  3:10  Probe (Chrono Boost)  
  38  3:13  Probe (Chrono Boost)  
  37  3:21  Gateway, Probe (Chrono Boost)  
  37  3:24  Gateway, Probe (Chrono Boost)  
  37  3:26  Observer  
  39  3:27  Gateway  
  39  3:31  Probe  
  39  3:34  Pylon  
  41  3:35  Probe  
  42  3:43  Probe  
  42  3:45  Warp Prism (Chrono Boost)  
  42  3:46  Pylon  
  45  3:51  Probe  
  46  3:56  Probe (Chrono Boost)  
  47  4:03  Probe (Chrono Boost)  
  47  4:08  Forge  
  47  4:09  Twilight Council  
  48  4:10  Probe (Chrono Boost)  
  48  4:12  Probe (Chrono Boost)  
  50  4:21  Adept  
  50  4:22  Adept x2  
  50  4:23  Pylon  
  56  4:24  Adept  
  58  4:32  Probe x2  
  60  4:41  Protoss Ground Weapons Level 1, Nexus  
  60  4:57  Blink (Chrono Boost)  
  60  4:59  Probe, Assimilator  
  62  5:00  Probe  
  62  5:01  Assimilator  
  62  5:03  Observer  
  62  5:04  Pylon  
  63  5:12  Probe x2  
  65  5:14  Pylon  
  65  5:24  Probe x2  
  65  5:25  Stalker x4  
  75  5:34  Pylon  
  75  5:36  Probe  
  75  5:37  Probe  
  75  5:38  Immortal  
  81  5:48  Probe  
  81  5:49  Probe  
  81  5:57  Stalker x4  
  81  5:59  Probe  
  81  6:00  Probe  
  91  6:08  Gateway  
  91  6:09  Gateway  
  91  6:14  Gateway  
  91  6:16  Gateway  
  91  6:21  Gateway  
  91  6:25  Pylon, Probe  
  91  6:26  Probe x2  
  91  6:32  Pylon  
  93  6:40  Adept  
  93  6:41  Adept x2  
  93  6:44  Protoss Ground Armor Level 1  
  93  6:46  Adept  
  93  6:47  Probe  
  93  6:50  Probe  
  93  6:51  Probe  
  93  6:59  Gateway, Probe  
  60  7:01  Gateway, Resonating Glaives (Chrono Boost)  
  94  7:08  Pylon  
  93  7:10  Adept x5  
  93  7:14  Adept  
  93  7:15  Adept  
  107  7:27  Adept  
  109  7:32  Photon Cannon  
  99  7:44  Pylon  
  96  7:48  Observer, Pylon  
  96  7:50  Pylon  
  97  7:52  Pylon  
  97  7:53  Stalker x2  
  97  7:55  Stalker x4  
  109  7:59  Probe  
  110  8:08  Adept  
  110  8:09  Adept x3  
  118  8:16  Observer  
  117  8:20  Stalker x3  
  123  8:27  Adept x2  
  123  8:28  Adept  
  129  8:34  Adept  
  129  8:35  Adept x2  
  123  8:42  Adept x2  
  112  8:58  Adept  
  112  8:59  Adept x4  
  112  9:02  Pylon  
  122  9:16  Adept x3  
  100  9:44  Pylon  
Show
View Real Time Build Order
Export as new Build Order

Miszu Terran 

Build Orders: MMM Bio 

Get SALT Encoding   

  12  0:00  SCV  
  13  0:12  SCV  
  14  0:17  Supply Depot  
  14  0:24  SCV  
  15  0:39  SCV  
  16  0:43  Barracks  
  16  0:51  SCV  
  17  1:03  SCV  
  18  1:15  Command Center  
  18  1:18  SCV  
  19  1:30  Orbital Command  
  19  1:31  Marine  
  20  1:41  Barracks  
  20  1:49  Marine  
  21  1:55  Barracks  
  21  1:59  SCV  
  22  2:07  Marine  
  23  2:20  Refinery  
  23  2:21  Supply Depot, Refinery  
  23  2:26  Marine, SCV  
  23  2:29  Marine  
  26  2:34  Orbital Command  
  26  2:42  Marine  
  27  2:45  SCV  
  27  2:48  Marine  
  27  2:50  Barracks Tech Lab  
  29  2:57  SCV  
  30  3:00  Marine, SCV  
  30  3:06  Marine  
  30  3:08  Marine  
  30  3:09  SCV  
  33  3:13  SCV  
  34  3:21  Marine, SCV  
  34  3:25  SCV  
  34  3:26  Stimpack  
  36  3:31  Marine x2  
  36  3:33  SCV  
  39  3:38  SCV  
  39  3:39  Supply Depot, Marine  
  41  3:45  SCV  
  42  3:49  Marine x2  
  42  3:50  Factory  
  42  3:52  SCV  
  45  3:56  Refinery  
  45  3:57  Marine  
  45  4:02  Supply Depot, SCV  
  47  4:07  Marine, SCV  
  49  4:10  Marauder  
  49  4:14  SCV  
  52  4:17  Marine  
  52  4:21  SCV  
  54  4:24  Marine  
  54  4:25  Supply Depot  
  54  4:26  Bunker  
  54  4:27  SCV  
  56  4:31  Engineering Bay  
  56  4:33  SCV  
  56  4:37  Starport  
  57  4:38  Factory Reactor  
  57  4:39  Barracks Reactor  
  57  4:42  Marauder  
  59  4:49  Barracks Tech Lab  
  54  5:04  Marauder, SCV  
  54  5:05  SCV  
  58  5:09  Terran Infantry Weapons Level 1  
  58  5:12  Supply Depot  
  58  5:14  Marauder  
  58  5:15  Marine  
  58  5:20  Marine  
  62  5:24  Factory Reactor  
  62  5:25  Marine  
  60  5:30  Medivac x2  
  60  5:32  SCV x2  
  66  5:36  Marauder  
  66  5:39  Marine x2  
  66  5:41  Supply Depot  
  70  5:43  Marauder  
  70  5:44  SCV  
  70  5:45  Combat Shields, Concussive Shells  
  72  5:54  SCV  
  72  5:56  Supply Depot, SCV  
  74  5:57  Marauder  
  74  6:00  Medivac  
  78  6:04  Marauder  
  78  6:06  SCV  
  78  6:11  Marine  
  82  6:12  Marine  
  83  6:19  Marauder  
  83  6:22  Command Center, SCV x2  
  83  6:24  Refinery  
  87  6:27  Medivac  
  87  6:30  Medivac  
  87  6:31  Widow Mine  
  93  6:34  SCV  
  94  6:44  Widow Mine  
  94  6:46  Marine  
  94  6:52  Marine, Marauder x2  
  82  7:00  Medivac  
  84  7:02  Barracks  
  84  7:03  Barracks  
  84  7:09  Widow Mine  
  84  7:10  Medivac  
  84  7:13  Marauder  
  90  7:17  Marine x2, Marauder  
  94  7:23  Supply Depot  
  94  7:34  Marine x2  
  96  7:38  Marine  
  96  7:39  Marauder  
  97  7:45  Widow Mine  
  97  7:46  Hellion  
  101  7:51  Barracks Reactor, Barracks Tech Lab  
  101  7:52  Marine, Marauder  
  101  7:54  Orbital Command  
  104  8:00  Marauder  
  106  8:07  Marine  
  106  8:09  Medivac  
  106  8:10  Medivac  
  111  8:14  Marauder  
  111  8:17  Marine x2  
  111  8:18  Widow Mine x2  
  111  8:19  Orbital Command  
  119  8:21  Marauder  
  119  8:25  SCV x2  
  103  8:36  Marauder  
  103  8:37  Marauder, SCV x2  
  103  8:39  Marine, Medivac  
  103  8:40  Marine  
  113  8:51  Marauder  
  113  8:54  Marine  
  82  8:57  Marauder  
  82  8:58  Marauder  
  69  9:13  Marauder  
  69  9:15  Marine  
  62  9:25  Marine  
  62  9:27  Marine  
Tags
 
Add a new tag
Caveats
  • Supply blocks, unpowered buildings, or Contaminate may cause inaccurate times.
  • Supply counts are checked every 10 seconds.